 Dungeon Crawl Stone Soup version 0.23-a0-494-g91793a9 (console) character file.

286726 slphil the Tortoise (level 19, -16/177 HPs)
             Began as a Minotaur Fighter on July 29, 2018.
             Was the Champion of Makhleb.
             Killed from afar by Margery (53 damage)
             ... with a bolt of fire
             ... on level 4 of the Vaults on Dec 3, 2018.
             The game lasted 03:18:04 (39505 turns).

slphil the Tortoise (Minotaur Fighter)             Turns: 39505, Time: 03:18:04

Health: -16/177    AC: 33    Str: 28    XL:     19   Next: 84%
Magic:  38/38      EV: 21    Int:  5    God:    Makhleb [******]
Gold:   2813       SH:  0    Dex: 15    Spells: 18/18 levels left

rFire    . . .     SeeInvis .   q - +8 lajatang (distort)
rCold    + + .     Gourm    .   (shield currently unavailable)
rNeg     + + +     Faith    +   L - +7 plate armour {rC+}
rPois    .         Spirit   .   G - +2 hat
rElec    .         Reflect  .   O - scarf {repulsion}
rCorr    .         Harm     .   B - +0 pair of gloves
MR       +....                  t - +2 pair of boots of the Assassin {Detection Stab+ Stlth++}
Stlth    ..........             y - amulet of the Kraken {Faith rF+ rN++ MP+9 Stlth-}
HPRegen  0.39/turn              Z - ring of Agissas {+Blink rF- rC+ rN+ Str+4}
MPRegen  0.26/turn              u - +4 ring of evasion

@: repel missiles
A: retaliatory headbutt, horns 2
}: 2/15 runes: decaying, gossamer
a: Minor Destruction, Lesser Servant of Makhleb, Major Destruction, Greater
Servant of Makhleb, Renounce Religion, Evoke Blink


You were on level 4 of the Vaults.
You worshipped Makhleb.
Makhleb was exalted by your worship.
You were not hungry.

You visited 7 branches of the dungeon, and saw 36 of its levels.
You visited 1 bazaar.
You also visited: Bailey and Volcano.

You collected 4334 gold pieces.
You spent 1521 gold pieces at shops.

Inventory:

Hand Weapons
 q - a +8 lajatang of distortion (weapon)
 r - the +9 quarterstaff of Pehiqi {freeze, Dex+4 SInv Stlth-}
   (You took it off a kobold on level 4 of the Dungeon)

   It has been specially enchanted to freeze those struck by it, causing extra
   injury to most foes and up to half again as much damage against particularly
   susceptible opponents.
   It can also slow down cold-blooded creatures.
   It affects your dexterity (+4).
   It lets you see invisible.
   It makes you less stealthy.
 R - the +12 Vampire's Tooth {vamp}
   (You bought it in a shop in a bazaar)

   It inflicts no extra harm, but heals its wielder when it wounds a living foe.
Missiles
 o - 8 steel tomahawks
 S - 4 javelins
 W - 54 tomahawks (quivered)
Armour
 t - the +2 pair of boots of the Assassin (worn) {Detection Stab+ Stlth++}
   (You found it on level 1 of the Orcish Mines)

   It makes you much more stealthy.
 B - a +0 pair of gloves (worn)
 G - a +2 hat (worn)
 L - a +7 plate armour of cold resistance (worn)
 O - a scarf of repulsion (worn)
Jewellery
 a - an uncursed amulet of guardian spirit {unknown}
 c - a +6 ring of dexterity
 g - a +4 ring of protection
 u - a +4 ring of evasion (right hand)
 y - the amulet of the Kraken (around neck) {Faith rF+ rN++ MP+9 Stlth-}
   (You found it on level 3 of the Swamp)

   [amulet of faith]

   It allows you to gain divine favour quickly.
   It protects you from fire.
   It greatly protects you from negative energy.
   It affects your magic capacity (+9).
   It makes you less stealthy.
 Q - an uncursed ring of poison resistance
 Y - an uncursed ring of protection from magic
 Z - the ring of Agissas (left hand) {+Blink rF- rC+ rN+ Str+4}
   (You found it on level 4 of the Swamp)

   [ring of protection from cold]

   It affects your strength (+4).
   It makes you vulnerable to fire.
   It protects you from cold.
   It protects you from negative energy.
   It lets you blink.
Wands
 i - a wand of random effects (14)
 v - a wand of polymorph (3)
 w - a wand of paralysis (8)
 A - a wand of disintegration (61)
 C - a wand of iceblast (20)
 J - a wand of acid (41)
 T - a wand of clouds (5)
Scrolls
 e - 2 scrolls of magic mapping
 h - 2 scrolls of blinking
 k - 2 scrolls of identify
 l - 12 scrolls of teleportation
 m - 10 scrolls of remove curse
 E - 5 scrolls of fear
 M - 4 scrolls of fog
 N - a scroll of holy word {unknown}
 V - a scroll of amnesia
 X - 3 scrolls of noise {unknown}
Potions
 b - a potion of experience {unknown}
 d - 6 potions of might
 j - 8 potions of heal wounds
 n - 7 potions of flight
 p - 12 potions of curing
 s - 8 potions of haste
 x - 7 potions of agility
 z - 9 potions of ambrosia
 D - 2 potions of degeneration {unknown}
 F - 8 potions of berserk rage
 I - a potion of resistance
 K - 3 potions of cancellation
 P - 4 potions of invisibility
 U - 2 potions of brilliance {unknown}
Comestibles
 f - 68 rations
 H - 8 chunks of flesh


   Skills:
 + Level 17.2 Fighting
 - Level 7.6 Short Blades
   Level 8.2 Axes
 + Level 17.6 Staves
 - Level 10.0 Throwing
 - Level 19.0 Armour
 - Level 15.1 Dodging
   Level 3.6 Shields
 - Level 15.0 Invocations
 - Level 5.0 Evocations


You had 18 spell levels left.
You didn't know any spells.
Your spell library contained the following spells:

 Spells                   Type           Power        Failure   Level  Hunger
 Animate Skeleton         Necr           N/A          94%         1    ##.....
 Corona                   Hex            #......      94%         1    ##.....
 Flame Tongue             Conj/Fire      #....        94%         1    ##.....
 Freeze                   Ice            #...         94%         1    ##.....
 Infusion                 Chrm           #...         94%         1    ##.....
 Magic Dart               Conj           #...         94%         1    ##.....
 Pain                     Necr           #...         94%         1    ##.....
 Sandblast                Erth           #.....       94%         1    ##.....
 Sting                    Conj/Pois      #...         94%         1    ##.....
 Summon Butterflies       Summ           #.......     94%         1    ##.....
 Summon Small Mammal      Summ           #...         94%         1    ##.....
 Blink                    Tloc           N/A          98%         2    ###....
 Call Imp                 Summ           #.......     98%         2    ###....
 Passwall                 Tmut/Erth      #.......     98%         2    ###....
 Poisonous Vapours        Pois/Air       #.....       98%         2    ###....
 Shroud of Golubria       Chrm/Tloc      #.........   98%         2    ###....
 Slow                     Hex            #.......     98%         2    ###....
 Song of Slaying          Chrm           #.......     98%         2    ###....
 Throw Flame              Conj/Fire      #.....       98%         2    ###....
 Throw Frost              Conj/Ice       #.....       98%         2    ###....
 Confuse                  Hex            #.......     100%        3    ####...
 Conjure Flame            Conj/Fire      #.......     100%        3    ####...
 Ignite Poison            Fire/Tmut/Pois #.......     100%        3    ####...
 Inner Flame              Hex/Fire       #.......     100%        3    ####...
 Mephitic Cloud           Conj/Pois/Air  #.......     100%        3    ####...
 Ozocubu's Armour         Chrm/Ice       #.......     100%        3    ####...
 Portal Projectile        Hex/Tloc       #.....       100%        3    ####...
 Recall                   Summ/Tloc      N/A          100%        3    ####...
 Regeneration             Chrm/Necr      #.........   100%        3    ####...
 Spectral Weapon          Hex/Chrm       #.......     100%        3    ####...
 Stone Arrow              Conj/Erth      #.....       100%        3    ####...
 Summon Guardian Golem    Hex/Summ       #.......     100%        3    ####...
 Vampiric Draining        Necr           #.........   100%        3    ####...
 Animate Dead             Necr           N/A          100%        4    #####..
 Cause Fear               Hex            #.........   100%        4    #####..
 Leda's Liquefaction      Hex/Erth       #.........   100%        4    #####..
 Olgreb's Toxic Radiance  Pois           #.......     100%        4    #####..
 Petrify                  Tmut/Erth      #.......     100%        4    #####..
 Sticky Flame             Conj/Fire      #.......     100%        4    #####..
 Summon Ice Beast         Ice/Summ       #.......     100%        4    #####..
 Summon Lightning Spire   Summ/Air       #.......     100%        4    #####..
 Throw Icicle             Conj/Ice       #.......     100%        4    #####..
 Aura of Abjuration       Summ           #.........   100%        5    ######.
 Fireball                 Conj/Fire      #.........   100%        5    ######.
 Irradiate                Conj/Tmut      #.........   100%        5    ######.
 Iskenderun's Battlesphe  Conj/Chrm      #.......     100%        5    ######.
 Lee's Rapid Deconstruct  Erth           #.........   100%        5    ######.
 Summon Demon             Summ           #.........   100%        5    ######.
 Summon Forest            Summ/Tloc      #.........   100%        5    ######.
 Summon Mana Viper        Hex/Summ       #.......     100%        5    ######.
 Venom Bolt               Conj/Pois      #.........   100%        5    ######.
 Bolt of Fire             Conj/Fire      #.........   100%        6    #######
 Deflect Missiles         Chrm/Air       #.........   100%        6    #######
 Hydra Form               Tmut           #.........   100%        6    #######
 Shadow Creatures         Summ           N/A          100%        6    #######
 Statue Form              Tmut/Erth      #........    100%        6    #######
 Dragon Form              Tmut           #.........   100%        7    #######
 Ring of Flames           Chrm/Fire      #.........   100%        7    #######
 Ignition                 Fire           #.........   100%        8    #######
 Dragon's Call            Summ           #.........   100%        9    #######


Dungeon Overview and Level Annotations

Branches:
Dungeon (15/15)            Temple (1/1) D:4            Lair (6/6) D:10
  Swamp (4/4) Lair:3       Spider (4/4) Lair:3        Slime (0/5) Lair:6
    Orc (2/2) D:9             Elf (0/3) Orc:2        Vaults (4/5) D:14
  Crypt (0/3) Vaults:2     Depths (0/5) D:15

Altars:
Ashenzari
Cheibriados
Elyvilon
Fedhas
Gozag
Kikubaaqudgha
Makhleb
Nemelex Xobeh
Okawaru
Qazlal
Ru
Trog
Uskayaw
Vehumet
Wu Jian
Xom
Yredelemnul
Zin
The Shining One
Beogh
Jiyva

Shops:
D:7 }   D:8 (   Orc:2 (}!   Vaults:1 ?

Portals:
Trove: D:10 (show abyssal rune of Zot)

Annotations:
D:14 exclusion: Roxanne, Roxanne
Lair:3 3 runed doors, exclusion: oklob plant, Pudot's ghost, journeyman DgSk
Swamp:4 3 runed doors, TwoGrow's ghost, adept GrEE
Vaults:4 Margery
Abyss:1 Nergalle


Innate Abilities, Weirdness & Mutations

You reflexively headbutt those who attack you in melee.
You have a pair of horns on your head.


Message History

Margery blinks!
The hell knight gestures at you while chanting.
You resist with some effort.
The hell knight casts a spell.
The hell knight blinks!
The hell knight hits you but does no damage.
The hell knight points at you and mumbles some strange words.
The bolt of fire hits the hell knight.
The hell knight completely resists.
The Margery casts a spell at you.
The fireball explodes!
The fireball engulfs you!
* * * LOW HITPOINT WARNING * * *
The hell knight points at you and mumbles some strange words.
The bolt of fire hits you!
* * * LOW HITPOINT WARNING * * *
The hell knight points at you and mumbles some strange words.
You resist with some effort.
You feel much better. Margery gestures at you while chanting.
The bolt of fire hits you!
You die...

#...#.........#...##..##.##..
#...#.........#...###..###.)#
#...#.........#...# ##.....##
#...#.........#...# ##...##
#...#.........#...#####'#+###
##...#.........#...#.#.#..(#.#
#....#.........#...##.#.#(#.#.
#....########@##..)#.#.#†#.#.#
#..................##.#†#)#.#.
#.........p........#.#.#.#.#.#
#.........p..@.....'..#.#.#.#.
#.p.......p(§......#.#.#.#.#.#
#.#########(#########.#.#.#.#.
...#...............('.#.#.#.#.#
.....#........§.#..#..##.#.#.#.#.
p... #....#.....##....'.#.#...#.#
.pp. #.##.##...#..>.#(###########
#................#
##################


You could see Margery and 3 hell knights.

Vanquished Creatures
  Sojobo (Vaults:2)
  A bone dragon (Swamp:4)
  Rupert (D:13)
  Agnes (D:13)
  2 tengu reavers (Vaults:2)
  2 sphinxes
  Kirke (Swamp:3)
  3 thorn hunters
  Donald (Orc:2)
  A fire giant (Vaults:3)
  7 ghost moths
  An orc warlord (Orc:1)
  2 vault wardens
  5 emperor scorpions
  4 stone giants
  4 ironheart preservers
  A very ugly thing (Swamp:3)
  A caustic shrike skeleton (D:15)
  2 entropy weavers
  3 spark wasps
  A deep elf death mage (Vaults:1)
  An ettin (Vaults:2)
  A great orb of eyes (Vaults:4)
  3 fire dragons
  Erolcha (Orc:2)
  5 yaktaur captains
  An ice dragon (Swamp:3)
  11 hydras
  8 ghost crabs
  Erica (D:10)
  A death knight (D:14)
  2 shambling mangroves
  A rakshasa (Vaults:1)
  9 alligators
  30 two-headed ogres
  6 ogre magi
  5 centaur warriors
  A death yak (Lair:4)
  2 deep troll earth magi (Vaults:2)
  A deep troll shaman (Vaults:2)
  2 deep elf knights
  A death drake (Swamp:4)
  A hell knight (Volcano)
  A skeletal warrior (D:15)
  4 unseen horrors
  2 flayed ghosts
  A glowing orange brain (Vaults:2)
  6 deep trolls (Vaults:2)
  5 spriggan druids
  3 wizards
  8 deep elf archers
  4 spectral hydras (Swamp:4)
  7 harpies (Vaults:1)
  2 lindwurms
  3 phantasmal warriors
  12 ironbrand convokers
  7 deep elf magi
  7 orc sorcerers
  A harpy (shapeshifter) (Vaults:3)
  2 necromancers
  10 orc knights
  15 orb spiders
  33 wolf spiders
  10 ugly things
  7 cyclopes
  5 moths of wrath
  5 apocalypse crabs (Swamp:3)
  Maurice (Orc:2)
  A guardian serpent (Lair:6)
  7 torpor snails
  6 black mambas (Lair:6)
  A human skeleton (Vaults:3)
  4 vault sentinels
  A spriggan zombie (D:15)
  2 gargoyles
  2 centaur zombies
  A molten gargoyle (Volcano)
  A smoke demon (Volcano)
  23 spiny frogs
  4 rime drakes
  A yaktaur zombie (D:15)
  13 yaktaurs
  A spiny frog (shapeshifter) (Vaults:1)
  13 demonic crawlers
  4 freezing wraiths
  7 komodo dragons
  A guardian mummy (D:15)
  3 swamp worm zombies (Swamp:4)
  A tengu conjurer (D:14)
  A queen bee (D:10)
  A red devil (Volcano)
  A hydra zombie (Swamp:4)
  31 jumping spiders
  A queen bee (shapeshifter) (Vaults:3)
  20 tyrant leeches
  10 trolls
  A hornet (shapeshifter) (D:13)
  Grinder (D:5)
  A raiju (shapeshifter) (D:9)
  2 spectral swamp dragons (Swamp:4)
  10 bog bodies
  17 hornets
  23 slime creatures
  21 blink frogs
  7 dream sheep (Lair:6)
  5 alligator zombies (Swamp:4)
  7 hippogriffs
  76 redbacks
  A spriggan (Lair:4)
  6 shadows
  A spriggan skeleton (D:15)
  9 wyverns
  30 tarantellas
  6 wraiths
  3 hogs (Swamp:3)
  21 vampire mosquitoes
  A yak (shapeshifter) (Vaults:1)
  50 yaks
  2 fire bats (Volcano)
  2 basilisks
  3 hungry ghosts
  16 humans (D:13)
  Menkaure (D:6)
  7 wargs
  16 swamp worms
  8 insubstantial wisps
  An acid dragon (D:11)
  22 water moccasins
  2 hell hounds (Volcano)
  12 porcupines
  5 swamp drakes
  47 orc warriors
  3 ice beasts
  2 eyes of draining
  3 black bears
  An ettin simulacrum (Vaults:1)
  10 phantoms
  An elf zombie (Vaults:3)
  An eye of draining (shapeshifter) (Vaults:3)
  19 ogres
  5 sky beasts
  3 swamp dragon zombies (Swamp:4)
  8 wolves
  3 boggarts (Vaults:1)
  A necrophage (D:11)
  16 centaurs
  5 big kobolds
  11 crocodiles
  19 bullfrogs
  A wyvern zombie (D:14)
  2 troll zombies (Swamp:1)
  3 scorpions
  An elf simulacrum (Vaults:2)
  27 killer bees
  2 troll skeletons (Swamp:1)
  A howler monkey (D:5)
  3 wights (D:15)
  An electric eel (Spider:1)
  A bullfrog zombie (D:6)
  5 crimson imps
  2 quasits (D:9)
  7 lava snakes (Volcano)
  34 orc wizards
  A wyvern simulacrum (D:15)
  6 centaur skeletons
  20 orc priests
  7 hounds
  17 jellies
  2 bullfrog skeletons
  4 iguanas
  A spectral swamp drake (Swamp:4)
  6 worker ants
  Natasha (twice) (D:4)
  3 polar bear simulacra (D:9)
  Terence (D:3)
  A yak simulacrum (D:9)
  A killer bee zombie (D:5)
  3 wolf simulacra (D:9)
  A hound skeleton (D:5)
  3 worker ant zombies
  4 gnolls
  16 adders
  A swamp drake zombie (Swamp:4)
  2 shadow imps
  A white imp (Vaults:2)
  2 ufetubi (Vaults:2)
  8 oozes (Lair:3)
  2 adder skeletons
  2 adder zombies
  4 worms
  3 dart slugs (D:1)
  5 leopard geckos
  103 orcs
  10 giant cockroaches
  8 goblins
  4 hobgoblins
  10 jackals
  A quokka (D:5)
  A ball python (D:3)
  12 bats
  7 frilled lizards
  A goblin skeleton (D:8)
  6 hobgoblin zombies (D:8)
  36 kobolds
  A kobold skeleton (D:8)
  A kobold zombie (D:8)
  An orc skeleton (D:8)
  4 orc zombies (D:8)
  2 quokka skeletons
  7 rats
  4 river rat simulacra (D:9)
  11 briar patches
  A fire vortex (D:14)
  13 plants
  2 toadstools (Swamp:1)
1481 creatures vanquished.

Vanquished Creatures (collateral kills)
  A death knight (Vaults:2)
  A two-headed ogre (D:11)
  A deep elf archer (Vaults:2)
  A yak (D:11)
  A jelly (D:11)
  A kobold (D:11)
6 creatures vanquished.

Vanquished Creatures (others)
  A thorn hunter (Swamp:4)
  An orc warlord (Orc:1)
  2 emperor scorpions
  2 stone giants
  A shambling mangrove (Swamp:2)
  A death knight (Vaults:3)
  2 two-headed ogres
  A hell knight (Vaults:4)
  A deep elf archer (Vaults:4)
  An orc knight (Orc:1)
  A sphinx zombie (Vaults:3)
  A necromancer (D:15)
  2 deep elf magi
  3 orb spiders
  2 ugly things
  3 wolf spiders
  A cyclops (shapeshifter) (Vaults:3)
  An orc sorcerer (Orc:2)
  A yaktaur (Vaults:1)
  3 demonic crawlers
  A swamp worm zombie (Swamp:4)
  2 jumping spiders
  A hydra zombie (Swamp:4)
  2 tyrant leeches (Swamp:3)
  3 tarantellas
  7 redbacks
  A hog (Swamp:3)
  A swamp worm (Swamp:2)
  An acid dragon (D:15)
  3 insubstantial wisps (Swamp:4)
  A boggart (Vaults:1)
  A swamp drake (Swamp:4)
  An elf zombie (Vaults:3)
  2 orcs (D:10)
  20 fungi
  34 plants
  7 toadstools (Swamp:1)
  6 withered plants (D:15)
125 creatures vanquished.

Grand Total: 1612 creatures vanquished

Notes
Turn   | Place    | Note
-------+----------+-------------------------------------------
     0 | D:1      | slphil the Minotaur Fighter began the quest for the Orb.
     0 | D:1      | Reached XP level 1. HP: 19/19 MP: 0/0
   122 | D:1      | Reached XP level 2. HP: 22/26 MP: 1/1
   150 | D:1      | Upgraded the game from 0.22-a0-872-g6a232dd to
                  | 0.22-a0-877-g5c4e1af
   422 | D:1      | Reached XP level 3. HP: 31/31 MP: 2/2
   604 | D:2      | Found a shattered altar of Ashenzari.
   838 | D:2      | Reached skill level 5 in Axes
   927 | D:2      | Reached XP level 4. HP: 39/39 MP: 3/3
  1801 | D:3      | Noticed Terence
  1805 | D:3      | Killed Terence
  2021 | D:4      | Found a staircase to the Ecumenical Temple.
  2024 | D:4      | Reached XP level 5. HP: 45/45 MP: 4/4
  2033 | Temple   | Entered the Ecumenical Temple
  2041 | Temple   | Became a worshipper of Makhleb the Destroyer
  2419 | D:4      | Reached XP level 6. HP: 44/51 MP: 5/5
  2540 | D:4      | Noticed Natasha
  2548 | D:4      | Killed Natasha
  2596 | D:4      | Reached * piety under Makhleb
  2673 | D:4      | Got an iridescent quarterstaff {freeze}
  2679 | D:4      | Identified the +9 quarterstaff of Pehiqi {freeze, Dex+4
                  | SInv Stlth-} (You took it off a kobold on level 4 of the
                  | Dungeon)
  2774 | D:4      | Reached skill level 1 in Staves
  2841 | D:4      | Noticed Natasha
  2844 | D:4      | Killed Natasha
  3336 | D:5      | Entered Level 5 of the Dungeon
  3359 | D:5      | Reached XP level 7. HP: 48/57 MP: 6/6
  3582 | D:5      | Reached skill level 5 in Staves
  3656 | D:5      | Noticed Grinder
  3666 | D:5      | Killed Grinder
  3880 | D:5      | Reached XP level 8. HP: 64/64 MP: 7/7
  4100 | D:5      | Found a stormy altar of Qazlal.
  4105 | D:5      | Found a basalt altar of Yredelemnul.
  4107 | D:5      | Found an ornate altar of the Wu Jian Council.
  4244 | D:5      | Upgraded the game from 0.22-a0-877-g5c4e1af to
                  | 0.23-a0-488-g5fd82c5
  4474 | D:6      | Noticed Menkaure
  4484 | D:6      | Killed Menkaure
  4487 | D:6      | HP: 3/64 [scorpion (2)]
  4805 | D:6      | Found a hide-covered altar of Uskayaw.
  4911 | D:6      | Reached skill level 10 in Staves
  5345 | D:7      | Reached ** piety under Makhleb
  5373 | D:7      | Found Uxiunn's Gadget Shop.
  5694 | D:8      | Found a glowing golden altar of the Shining One.
  5741 | D:8      | Reached XP level 9. HP: 70/70 MP: 8/8
  5887 | D:8      | Found Yxka's Weapon Shoppe.
  5953 | D:8      | Reached *** piety under Makhleb
  6218 | D:9      | Noticed a two-headed ogre
  6223 | D:9      | Killed a two-headed ogre
  6275 | D:9      | Noticed a cyclops
  6291 | D:9      | Reached skill level 4 in Armour
  6291 | D:9      | Reached skill level 1 in Invocations
  6298 | D:9      | Reached XP level 10. HP: 57/77 MP: 8/10
  6304 | D:9      | Killed a cyclops
  6320 | D:9      | Reached skill level 5 in Armour
  6361 | D:9      | Got a scorched ring mail
  6363 | D:9      | Got an ancient leather armour
  6365 | D:9      | Got a scorched long sword
  6381 | D:9      | Identified the cursed +1 ring mail "Jamaicoy" {rC+ Str+6
                  | Int-4} (You found it on level 9 of the Dungeon)
  6392 | D:9      | Identified the +3 leather armour "Nuapa" {*Drain rCorr
                  | Int+4} (You found it on level 9 of the Dungeon)
  6404 | D:9      | Identified the +11 long sword "Fusteuciss" {drain, +Fly
                  | rPois rF+ Int+2} (You found it on level 9 of the Dungeon)
  6528 | D:9      | Found a staircase to the Orcish Mines.
  6690 | D:9      | Found a basalt altar of Yredelemnul.
  6727 | D:9      | Noticed a necromancer
  6737 | D:9      | Killed a necromancer
  6737 | D:9      | Reached skill level 6 in Armour
  6737 | D:9      | Reached skill level 5 in Invocations
  6842 | D:9      | Reached **** piety under Makhleb
  7104 | D:10     | Entered Level 10 of the Dungeon
  7161 | D:10     | Reached skill level 7 in Armour
  7257 | D:10     | Reached skill level 8 in Armour
  7424 | D:10     | Found a portal to a secret trove of treasure.
  7512 | D:10     | You fall through a shaft!
  7526 | D:11     | Reached skill level 9 in Armour
  7556 | D:11     | Noticed an unseen horror
  7566 | D:11     | Reached XP level 11. HP: 82/82 MP: 14/14
  7579 | D:11     | Killed an unseen horror
  7579 | D:11     | Reached skill level 10 in Armour
  7616 | D:11     | Noticed a wolf spider
  7941 | D:11     | Noticed a brown ugly thing
  7946 | D:11     | Killed a brown ugly thing
  7946 | D:11     | Reached skill level 11 in Armour
  8103 | D:11     | Noticed a two-headed ogre
  8112 | D:11     | Killed a two-headed ogre
  8112 | D:11     | Reached skill level 12 in Armour
  8133 | D:11     | Noticed a two-headed ogre
  8139 | D:11     | Killed a two-headed ogre
  8443 | D:11     | Reached skill level 13 in Armour
  8688 | D:10     | Reached skill level 1 in Dodging
  8706 | D:10     | Reached ***** piety under Makhleb
  8751 | D:10     | Reached skill level 5 in Fighting
  9122 | D:10     | Found a staircase to the Lair.
  9348 | D:10     | Noticed Erica
  9357 | D:10     | Killed Erica
  9480 | Lair:1   | Entered Level 1 of the Lair of Beasts
  9485 | Lair:1   | Reached XP level 12. HP: 95/95 MP: 15/15
  9637 | Lair:1   | Noticed a four-headed hydra
  9648 | Lair:1   | Killed a four-headed hydra
  9793 | Lair:1   | Reached skill level 5 in Dodging
 10829 | Lair:2   | Reached skill level 14 in Armour
 11134 | Lair:3   | Found a dark tunnel.
 11140 | Volcano  | Entered a volcano
 11549 | Volcano  | Found a bloodstained altar of Trog.
 11984 | Lair:3   | Reached XP level 13. HP: 112/113 MP: 16/16
 12145 | Lair:3   | Reached ****** piety under Makhleb
 12145 | Lair:3   | Reached skill level 10 in Fighting
 12205 | Lair:3   | Found a staircase to the Swamp.
 12262 | Lair:3   | Found a hole to the Spider Nest.
 12623 | Lair:3   | Found a runed gate.
 12623 | Lair:3   | Found a runed gate.
 12624 | Lair:3   | Found a runed gate.
 12625 | Lair:3   | Noticed Pudot's ghost (journeyman DgSk)
 12642 | Lair:3   | Found a viscous altar of Jiyva.
 14140 | Lair:4   | Reached skill level 10 in Dodging
 14427 | Lair:5   | Reached skill level 15 in Armour
 15034 | Lair:6   | Entered Level 6 of the Lair of Beasts
 15040 | Lair:6   | Reached skill level 1 in Evocations
 15052 | Lair:6   | Got a faintly glowing flail
 15072 | Lair:6   | Identified the cursed +1 flail of Eternity {crush, Int+2}
                  | (You found it on level 6 of the Lair of Beasts)
 15239 | Lair:6   | Found a staircase to the Slime Pits.
 15240 | Lair:6   | Found a viscous altar of Jiyva.
 15326 | Lair:6   | Paralysed by a hornet for 2 turns
 15987 | Lair:6   | Reached skill level 5 in Evocations
 16037 | Lair:6   | Reached XP level 14. HP: 121/121 MP: 19/19
 16368 | Lair:6   | Found a runed door.
 16537 | Lair:6   | Got a translucent trident
 16539 | Lair:6   | Identified the +11 trident of the Final Decision {pain,
                  | Str+4 Int-4 Dex+6} (You found it on level 6 of the Lair of
                  | Beasts)
 16583 | Lair:6   | Identified Kiem's Tome of the Ashen Entourage
 16763 | Lair:6   | Paralysed by a hornet for 1 turns
 17373 | D:12     | Found a sparkling altar of Nemelex Xobeh.
 18231 | D:13     | Found a flagged portal.
 18243 | Bailey   | Entered a bailey
 19160 | D:13     | Got a slimy leather armour
 19161 | D:13     | Identified the cursed +1 leather armour of Veuri {Slay+3}
                  | (You found it on level 13 of the Dungeon)
 19550 | D:14     | Found a gate to the Vaults.
 19550 | D:14     | Noticed Rupert
 19550 | D:14     | Noticed Agnes
 19647 | D:13     | Killed Rupert
 19679 | D:14     | Noticed a cacodemon
 19684 | D:13     | HP: 4/127 [Agnes/+0 lajatang of distortion (11)]
 19689 | D:13     | Killed Agnes
 19689 | D:13     | Reached skill level 16 in Armour
 20225 | D:14     | Identified Roxanne's Papyrus of Transformation
 20225 | D:14     | Noticed Roxanne
 20299 | D:14     | Reached XP level 15. HP: 80/136 MP: 20/20
 20349 | D:14     | Found a flickering gateway to a bazaar.
 20355 | Bazaar   | Entered a bazaar
 20362 | Bazaar   | Found Fifokhleo's Distillery.
 20388 | Bazaar   | Found Duuzan's Weapon Shop.
 20419 | Bazaar   | Found Gafy's Book Boutique.
 20419 | Bazaar   | Found Uscheise's Gadget Shop.
 20457 | Bazaar   | Bought a potion of agility for 36 gold pieces
 20457 | Bazaar   | Bought a potion of heal wounds for 45 gold pieces
 20457 | Bazaar   | Bought a potion of invisibility for 72 gold pieces
 20457 | Bazaar   | Bought 2 potions of agility for 72 gold pieces
 20457 | Bazaar   | Bought 2 potions of flight for 54 gold pieces
 20457 | Bazaar   | Bought a potion of haste for 90 gold pieces
 20457 | Bazaar   | Bought a potion of lignification for 27 gold pieces
 20457 | Bazaar   | Bought a potion of heal wounds for 45 gold pieces
 20457 | Bazaar   | Bought a potion of haste for 90 gold pieces
 20457 | Bazaar   | Bought a potion of ambrosia for 72 gold pieces
 20511 | Bazaar   | Bought the +12 Vampire's Tooth {vamp} for 660 gold pieces
 20511 | Bazaar   | Found the +12 Vampire's Tooth {vamp}
 20678 | D:14     | Reached skill level 1 in Short Blades
 20969 | D:15     | Entered Level 15 of the Dungeon
 21409 | D:15     | Found a staircase to the Depths.
 21414 | D:15     | Reached skill level 5 in Short Blades
 22534 | Spider:1 | Entered Level 1 of the Spider Nest
 22819 | Spider:1 | Got an ichor-stained plate armour
 22820 | Spider:1 | Identified the cursed +1 plate armour of Huniothi {rPois}
                  | (You found it on level 1 of the Spider Nest)
 22938 | Spider:1 | Reached skill level 1 in Throwing
 23359 | Spider:2 | Killed a ghost moth
 23505 | Spider:2 | Reached skill level 5 in Throwing
 23613 | Spider:2 | Killed a ghost moth
 23921 | Spider:2 | Reached XP level 16. HP: 111/144 MP: 22/22
 24773 | Spider:3 | Reached skill level 10 in Throwing
 24891 | Spider:3 | Reached skill level 10 in Invocations
 25312 | Swamp:1  | Entered Level 1 of the Swamp
 25434 | Swamp:1  | Noticed a thorn hunter
 25446 | Swamp:1  | Killed a thorn hunter
 26548 | Swamp:2  | Found a blossoming altar of Fedhas.
 26671 | Swamp:2  | Upgraded the game from 0.23-a0-488-g5fd82c5 to
                  | 0.23-a0-490-ge7ea69a
 26711 | Swamp:2  | Noticed a thorn hunter
 26731 | Swamp:2  | Killed a thorn hunter
 26832 | Swamp:2  | Noticed a thorn hunter
 26985 | Swamp:2  | You fall through a shaft!
 27113 | Swamp:2  | Killed a thorn hunter
 27185 | Swamp:2  | Found the +7 great mace "Undeadhunter" {disrupt, rN+}
 27245 | Swamp:2  | Reached skill level 17 in Armour
 27621 | Swamp:3  | Identified 2 scrolls of acquirement
 27786 | Swamp:3  | Reached XP level 17. HP: 68/150 MP: 25/25
 27956 | Swamp:3  | Noticed Kirke
 27991 | Swamp:3  | Paralysed by a sphinx for 2 turns
 28002 | Swamp:3  | Killed Kirke
 28941 | Swamp:3  | Found a runed door.
 29141 | Swamp:3  | Got a transparent amethyst amulet
 29146 | Swamp:3  | Identified the amulet of the Kraken {Faith rF+ rN++ MP+9
                  | Stlth-} (You found it on level 3 of the Swamp)
 29428 | Spider:4 | Entered Level 4 of the Spider Nest
 29747 | Spider:4 | Reached skill level 18 in Armour
 30850 | Spider:4 | Got a gossamer rune of Zot
 31234 | Swamp:2  | Upgraded the game from 0.23-a0-490-ge7ea69a to
                  | 0.23-a0-494-g91793a9
 31296 | Swamp:4  | Entered Level 4 of the Swamp
 31316 | Swamp:4  | Found a runed gate.
 31316 | Swamp:4  | Found a runed gate.
 31316 | Swamp:4  | Found a runed gate.
 31322 | Swamp:4  | Identified Koewiwog's Reference Book on Aid and Curses
 31332 | Swamp:4  | Noticed TwoGrow's ghost (adept GrEE)
 31441 | Swamp:4  | Reached skill level 15 in Dodging
 31706 | Swamp:4  | Reached skill level 19 in Armour
 31721 | Swamp:4  | Got a warped bronze ring
 31723 | Swamp:4  | Identified the ring of Agissas {+Blink rF- rC+ rN+ Str+4}
                  | (You found it on level 4 of the Swamp)
 32100 | Swamp:4  | Noticed a bone dragon
 32110 | Swamp:4  | Killed a bone dragon
 32110 | Swamp:4  | Reached XP level 18. HP: 147/157 MP: 26/26
 32221 | Swamp:4  | Got a decaying rune of Zot
 32936 | Orc:1    | Entered Level 1 of the Orcish Mines
 33343 | Orc:1    | Found the +2 pair of boots of the Assassin {Detection Stab+
                  | Stlth++}
 33536 | Orc:1    | Reached skill level 15 in Staves
 33657 | Orc:2    | Entered Level 2 of the Orcish Mines
 33742 | Orc:2    | Found a staircase to the Elven Halls.
 33746 | Orc:2    | Paralysed by an orc sorcerer for 4 turns
 33861 | Orc:2    | Found a burning altar of Makhleb.
 33986 | Orc:2    | Found Rirphit's Magic Scroll Emporium.
 34009 | Orc:2    | Found Sodydoox's Distillery.
 34222 | Orc:2    | Found an ancient bone altar of Kikubaaqudgha.
 34223 | Orc:2    | Noticed Nergalle
 34225 | Orc:2    | Noticed Maurice
 34232 | Orc:2    | Banished Nergalle
 34332 | Orc:2    | Found a radiant altar of Vehumet.
 34333 | Orc:2    | Noticed Erolcha
 34348 | Orc:2    | Killed Maurice
 34353 | Orc:2    | Killed Erolcha
 34373 | Orc:2    | Found Guassume's Gadget Emporium.
 34485 | Orc:2    | Bought a potion of heal wounds for 60 gold pieces
 34485 | Orc:2    | Bought a potion of heal wounds for 60 gold pieces
 34505 | Orc:2    | Noticed Donald
 34506 | Orc:2    | Found a roughly hewn altar of Beogh.
 34508 | Orc:2    | Found Igudedig's Antique Weapon Shoppe.
 34517 | Orc:2    | Killed Donald
 34978 | Vaults:1 | Entered Level 1 of the Vaults
 35639 | Vaults:1 | Reached skill level 15 in Fighting
 36449 | Vaults:1 | Found Cuynej's Magic Scroll Shoppe.
 36457 | Vaults:1 | Bought a scroll of fear for 42 gold pieces
 36457 | Vaults:1 | Bought a scroll of identify for 24 gold pieces
 36457 | Vaults:1 | Bought a scroll of identify for 24 gold pieces
 36457 | Vaults:1 | Bought a scroll of identify for 24 gold pieces
 36457 | Vaults:1 | Bought a scroll of fog for 24 gold pieces
 36768 | Vaults:2 | Reached XP level 19. HP: 166/166 MP: 28/28
 37136 | Vaults:2 | Noticed Sojobo
 37169 | Vaults:2 | Killed Sojobo
 37511 | Vaults:2 | Found a staircase to the Crypt.
 37511 | Vaults:2 | Found a basalt altar of Yredelemnul.
 37514 | Vaults:2 | Found an ancient bone altar of Kikubaaqudgha.
 37843 | Vaults:2 | Reached skill level 15 in Invocations
 38156 | Vaults:3 | Paralysed by a sphinx for 3 turns
 38326 | Vaults:3 | Got a jewelled flail
 38327 | Vaults:3 | Identified the cursed +2 flail "Arcanum" {antimagic, +Inv
                  | rElec rF+ Dex-5} (You found it on level 3 of the Vaults)
 38581 | Vaults:3 | Identified Sif Muna's Grimoire of the Toxic Escort
 39476 | Vaults:4 | Noticed Margery
 39505 | Vaults:4 | Killed from afar by Margery

Vault maps used:
D:1:      dpeg_arrival_pond
D:2:      nicolae_overflow_crystal_walls
D:3:      uniq_terence
D:4:      kennysheep_kobold_camp, minmay_temple_entry_butterflies,
          hangedman_abyss_or_decor_slice, uniq_natasha
D:5:      minitemple, first_ration, hangedman_abyss_or_decor_jellyfish_corner,
          uniq_grinder
D:6:      eat_drink_and_be_merry_uskayaw, minmay_misc_feat_tiny, minivault_23,
          uniq_menkaure
D:7:      serial_shops, shop
D:8:      nicolae_tso_besieged_by_evil, serial_shops, kennysheep_mini
D:9:      minmay_the_grid_triangle_9x9_rhombus_thin_mashed, orc_0_dummy,
          basic_altar, grunt_pizzeria, dk_noncrumbling_3, eino_house_with_fridge
D:10:     grunt_lair_entry_orc_guard_hut, nicolae_trove_entry_columns,
          uniq_erica
D:12:     nemelex_xobeh_ov_fountains_minmay
D:13:     enter_bailey_2
D:14:     david_vaults_3, kennysheep_small_spiral, serial_shops, bzr_entry_safe,
          uniq_roxanne, uniq_rupert, uniq_agnes
D:15:     gammafunk_depths_entry_grave
Temple:   nicolae_temple_x_marks_the_god
Lair:1:   chequers_serial_rivers_room_a
Lair:2:   lemuel_fruit_fields, grunt_megastairs_2, lemuel_fruit_fields,
          serial_bayou_shore_a, infiniplex_staircase_pool_2
Lair:3:   lemuel_slime, skrybe_swamp_entry_bodies, spider_nest_entry_a,
          gammafunk_ghost_ooze, enter_volcano_2
Lair:4:   wad_woods_03
Lair:5:   lemuel_fruit_tree, lemuel_fruit_fields
Lair:6:   wormcave, hangedman_lair_tendril_chambers, slime_altar_1
Swamp:1:  cheibrodos_swamp_tower_of_moss, evilmike_swamp_ruin_house_5,
          swamp_pool1, cheibrodos_swamp_minitomb
Swamp:2:  basic_altar, swamp_pool5
Swamp:3:  gammafunk_mikee_crab_dinner, portal_ice_cave_entry_dragon,
          serial_swamp_ruin, evilmike_swamp_ruin_house_2,
          evilmike_swamp_ruin_house_3, worms_lemuel, uniq_kirke
Swamp:4:  swamp_pestilence, gammafunk_ghost_necromancy
Spider:4: grunt_spider_rune_circles
Orc:1:    minmay_orc_treasury
Orc:2:    kennysheep_orc_mage_school, bloody_makhleb, uniq_maurice, uniq_donald
Vaults:1: v_rooms_1, v_misc_17, ontoclasm_vaults_loading_screen,
          nicolae_vaults_little_squares_6, v_rooms_5, v_misc_10,
          ontoclasm_vaults_chip, ontoclasm_vaults_eye, v_misc_9,
          nicolae_vaults_hallways_thing, nicolae_vaults_asterisk, serial_shops,
          shop_scrolls
Vaults:2: vaults_dpeg_diagonal, hangedman_vaults_trim,
          hangedman_vaults_variations, minmay_crypt_entry_necro_gods,
          serial_ice_m, nicolae_vaults_ring_of_whatevers, vaults_room_door_ring,
          nicolae_vaults_three_branches, v_misc_26, vaults_room_grid,
          nicolae_vaults_little_squares_6, vaults_dpeg_hooks,
          hangedman_vaults_impose, ontoclasm_vaults_pinch, uniq_sojobo
Vaults:3: vaults_room_large_hall, vaults_room_fours, vaults_mumra_lcd,
          nicolae_vaults_network_star, vaults_room_fours,
          vaults_room_fancy_cross, hangedman_vaults_corner,
          hangedman_vaults_stagger, nicolae_vaults_shelves_hall,
          v_alt_pattern_2, ontoclasm_vaults_fault, v_misc_24,
          vaults_room_hallway
Vaults:4: nicolae_vaults_back_hallway, nicolae_vaults_little_squares_5,
          v_misc_10, nicolae_vaults_theta, v_pattern_1, nicolae_vaults_meeting,
          v_misc_14, hangedman_vaults_slice, uniq_xtahua, uniq_margery,
          uniq_jory
Bazaar:   bazaar_jpeg_honeycomb
Bailey:   bailey_polearm_flooded_kennysheep, bailey
Volcano:  volcano_lake

Skill      XL: |  1  2  3  4  5  6  7  8  9 10 11 12 13 14 15 16 17 18 19 |
---------------+----------------------------------------------------------+-----
Axes           | 3 4 5 6 7 8 |  8.2
Staves         | 3 7 11 14 16 17 | 17.6
Armour         | 4 9 13 14 15 16 17 19 | 19.0
Invocations    | 2 6 9 12 14 15 | 15.0
Dodging        | 3 8 10 11 12 15 | 15.1
Fighting       | 5 9 10 13 15 17 | 17.2
Evocations     | 5 |  5.0
Short Blades   | 7 |  7.6
Throwing       | 7 10 | 10.0
Shields        | |  3.6

Action                   |  1- 3 |  4- 6 |  7- 9 | 10-12 | 13-15 | 16-18 | 19-21 || total
-------------------------+-------+-------+-------+-------+-------+-------+-------++-------
Melee: War axe           |    95 |    36 |       |       |       |       |       ||   131
       Headbutt          |     9 |    35 |    31 |   140 |   378 |   444 |   125 ||  1162
       Hand axe          |       |    70 |       |       |       |       |       ||    70
       Quarterstaff      |       |    59 |   178 |   587 |   874 |       |       ||  1698
       Lajatang          |       |       |       |       |   392 |  1781 |   391 ||  2564
       Unarmed           |       |       |       |       |       |     5 |       ||     5
Throw: Javelin           |       |       |       |       |     6 |    16 |       ||    22
       Tomahawk          |       |       |       |       |       |     7 |     3 ||    10
Invok: Minor Destruction |       |       |     1 |     4 |     2 |       |       ||     7
       Major Destruction |       |       |       |     4 |     1 |       |     2 ||     7
       Lesser Servant of |       |       |       |     3 |       |     2 |       ||     5
       Greater Servant o |       |       |       |       |     2 |     1 |     2 ||     5
Evoke: Wand              |       |       |       |       |     1 |     5 |       ||     6
  Use: Scroll            |       |     6 |       |     7 |    19 |    22 |     3 ||    57
       Potion            |       |       |       |     1 |     5 |     9 |     5 ||    20
 Stab: Distracted        |       |       |       |       |       |     1 |       ||     1
  Eat: Chunk             |       |     8 |     9 |    18 |    35 |    26 |     9 ||   105
       Ration            |       |       |       |     1 |     2 |     5 |       ||     8
Armor: Scale mail        |    56 |    50 |    35 |       |       |       |       ||   141
       Chain mail        |       |       |    56 |   112 |       |       |       ||   168
       Plate armour      |       |       |       |   134 |   592 |  1069 |   117 ||  1912
       Skin              |       |       |       |       |       |     3 |       ||     3
Dodge: Dodged            |    18 |    24 |    59 |   216 |   898 |  1382 |   256 ||  2853
       Deflected         |       |       |       |     6 |    50 |    68 |    15 ||   139
Block: Shield            |    51 |    56 |       |       |       |       |       ||   107

Table legend:
 A = Non-vault XP
 B = Vault XP
 C = Vault XP percentage of total XP
 D = Non-vault monster count
 E = Vault monster count
 F = Vault count percentage of total count
                 A         B        C        D         E       F
            +---------+---------+-------+---------+---------+-------
      Total |  267649 |  191666 |  41.7 |     963 |     555 |  36.6
            +---------+---------+-------+---------+---------+-------
        D:1 |      58 |       0 |   0.0 |      25 |       0 |   0.0
        D:2 |      52 |       0 |   0.0 |      27 |       0 |   0.0
        D:3 |     183 |       0 |   0.0 |      16 |       0 |   0.0
        D:4 |     391 |       0 |   0.0 |      41 |       0 |   0.0
        D:5 |     966 |       0 |   0.0 |      17 |       0 |   0.0
        D:6 |     462 |     172 |  27.1 |       9 |       1 |  10.0
        D:7 |     289 |       0 |   0.0 |      14 |       0 |   0.0
        D:8 |    1189 |      25 |   2.1 |      20 |      15 |  42.9
        D:9 |    1803 |    2771 |  60.6 |      18 |      27 |  60.0
       D:10 |    1530 |    3443 |  69.2 |      28 |      31 |  52.5
       D:11 |    8134 |       0 |   0.0 |      43 |       0 |   0.0
       D:12 |    5493 |       0 |   0.0 |      24 |       0 |   0.0
       D:13 |    4929 |    9399 |  65.6 |      37 |      20 |  35.1
       D:14 |    6811 |    1198 |  15.0 |      22 |       2 |   8.3
       D:15 |   12460 |    4850 |  28.0 |      37 |       8 |  17.8
     Lair:1 |    4416 |       0 |   0.0 |      16 |       0 |   0.0
     Lair:2 |    4104 |    1628 |  28.4 |      16 |       8 |  33.3
     Lair:3 |    6550 |    1402 |  17.6 |      27 |      24 |  47.1
     Lair:4 |    2971 |    1100 |  27.0 |      12 |       2 |  14.3
     Lair:5 |    2137 |       0 |   0.0 |      13 |       0 |   0.0
     Lair:6 |    8930 |   17329 |  66.0 |      39 |      55 |  58.5
    Swamp:1 |    6752 |    2701 |  28.6 |      17 |       7 |  29.2
    Swamp:2 |   18450 |     283 |   1.5 |      32 |       1 |   3.0
    Swamp:3 |    7473 |   17952 |  70.6 |      17 |      38 |  69.1
    Swamp:4 |   12817 |   16153 |  55.8 |      35 |      42 |  54.5
   Spider:1 |   14951 |       0 |   0.0 |      43 |       0 |   0.0
   Spider:2 |   15575 |       0 |   0.0 |      44 |       0 |   0.0
   Spider:3 |   25904 |       0 |   0.0 |      68 |       0 |   0.0
   Spider:4 |   15933 |   20322 |  56.1 |      35 |      37 |  51.4
      Orc:1 |    3559 |    9065 |  71.8 |      26 |      41 |  61.2
      Orc:2 |    2527 |    9313 |  78.7 |      25 |      36 |  59.0
   Vaults:1 |   30941 |   16259 |  34.4 |      47 |      26 |  35.6
   Vaults:2 |   18832 |   25732 |  57.7 |      42 |      33 |  44.0
   Vaults:3 |   12448 |   19649 |  61.2 |      18 |      33 |  64.7
   Vaults:4 |    7629 |    4752 |  38.4 |      13 |      12 |  48.0
     Bailey |       0 |    2299 | 100.0 |       0 |      39 | 100.0
    Volcano |       0 |    3869 | 100.0 |       0 |      17 | 100.0
            +---------+---------+-------+---------+---------+-------
